[Event "Titled Tuesday Blitz May 4 2021"]
[White "Kapitanchuk, Tomas"]
[Black "Zhukov, Anton"]
[WhiteFideId "135046"]
[BlackFideId "34187534"]
[WhiteElo "1955"]
[BlackElo "2172"]
[Result "0-1"]
[Round "08"]
[TimeControl "180+1"]
[Date "2021.05.04"]
[WhiteClock "0:00:38"]
[BlackClock "0:00:20"]

1. e4 c5 2. Nf3 d6 3. Bb5+ Bd7 4. Bxd7+ Qxd7 5. c4 Nf6 6. Nc3 g6 7. d4 cxd4 8. Nxd4 Bg7 9. f3 O-O 10. Be3 Rc8 11. b3 Nc6 12. Qd2 Nxd4 13. Bxd4 Qd8 14. O-O Nd7 15. Bxg7 Kxg7 16. h4 a6 17. h5 b5 18. h6+ Kg8 19. cxb5 axb5 20. Rf2 Qa5 21. Rc1 Ne5 22. f4 Ng4 23. Qd4 e5 24. fxe5 dxe5 25. Qd6 Rxc3 26. Rcf1 Qa7 27. Qd2 Rac8 28. Qg5 Nxf2 0-1


[Site "https://www.chess.com"]

[Event "Titled Tuesday Blitz May 4 2021"]
[White "Karttunen, Mika"]
[Black "Bologan, Victor"]
[WhiteFideId "502081"]
[BlackFideId "13900048"]
[WhiteElo "2343"]
[BlackElo "2511"]
[Result "1/2-1/2"]
[Round "08"]
[TimeControl "180+1"]
[Date "2021.05.04"]
[WhiteClock "0:00:13"]
[BlackClock "0:00:22"]

1. e4 d6 2. d4 Nf6 3. f3 e5 4. d5 Be7 5. Be3 Nh5 6. c4 h6 7. Nc3 Bg5 8. Bf2 a5 9. g4 Nf4 10. h4 Be7 11. Nge2 Nd7 12. Qd2 Ng6 13. h5 Bg5 14. Be3 Bh4+ 15. Kd1 Ngf8 16. Nb5 Bg5 17. Bxg5 hxg5 18. Ng3 Nh7 19. Nf5 O-O 20. Be2 Nc5 21. Ke1 Bd7 22. Nc3 Bxf5 23. gxf5 Qf6 24. Nd1 g4 25. Ne3 gxf3 26. Ng4 Qg5 27. Bxf3 Qf4 28. Qxf4 Nd3+ 29. Kd2 Nxf4 30. Rag1 f6 31. Ke3 Ng5 32. Nf2 Kf7 33. Bg4 Rh8 34. Rc1 b6 35. Rh2 Rh6 36. Nh1 Ke7 37. Ng3 Kd7 38. Rcc2 c6 39. Rc1 Rc8 40. dxc6+ Rxc6 41. a4 Rh8 42. b3 Ke7 43. Rd1 Nf7 44. Rhd2 Nd8 45. Bf3 Nb7 46. Rg1 Nc5 47. Bd1 Kf7 48. Rh1 Na6 49. Rg1 Nb4 50. Rh1 Rh7 51. Rg1 Kf8 52. Rh1 Kf7 53. Rg1 Rh8 54. Rh1 Rhc8 55. Rg1 Rh8 1/2-1/2


[Site "https://www.chess.com"]

[Event "Titled Tuesday Blitz May 4 2021"]
[White "Kaufman, Raymond"]
[Black "Heinemann, Josefine"]
[WhiteFideId "2015056"]
[BlackFideId "12900460"]
[WhiteElo "2321"]
[BlackElo "2300"]
[Result "0-1"]
[Round "08"]
[TimeControl "180+1"]
[Date "2021.05.04"]
[WhiteClock "0:00:25"]
[BlackClock "0:00:51"]

1. d4 Nf6 2. c4 g6 3. f3 d5 4. cxd5 Nxd5 5. e4 Nb6 6. Nc3 Bg7 7. Be3 O-O 8. Qd2 Nc6 9. O-O-O e5 10. d5 Nd4 11. f4 c5 12. fxe5 Bxe5 13. Nf3 Nxf3 14. gxf3 Bd7 15. h4 Na4 16. Nxa4 Bxa4 17. b3 Bd7 18. h5 Qb6 19. hxg6 fxg6 20. f4 Bd4 21. e5 Bf5 22. Bxd4 cxd4 23. Qxd4 Rac8+ 24. Bc4 Qxd4 25. Rxd4 b5 26. e6 Kg7 27. e7 Rfe8 28. d6 bxc4 29. d7 Bxd7 30. Rxd7 cxb3+ 31. Kb2 bxa2 32. Rxa7 Rc4 33. Rh4 Re4 34. Kxa2 R8xe7 35. Rxe7+ Rxe7 36. Kb3 Kf6 37. Kc4 Rd7 38. Kc5 h5 39. Kc6 Rd1 40. Kc5 Kf5 41. Kc4 Rf1 0-1


[Site "https://www.chess.com"]

[Event "Titled Tuesday Blitz May 4 2021"]
[White "Kavinda, Akila"]
[Black "Ozkan, Ervin"]
[WhiteFideId "9901302"]
[BlackFideId "6306004"]
[WhiteElo "2043"]
[BlackElo "2226"]
[Result "0-1"]
[Round "08"]
[TimeControl "180+1"]
[Date "2021.05.04"]
[WhiteClock "0:00:03"]
[BlackClock "0:00:08"]

1. e4 e5 2. Nf3 Nf6 3. d4 Nxe4 4. Bd3 d5 5. Nxe5 Nd7 6. Nxd7 Bxd7 7. O-O Bd6 8. Nc3 Nxc3 9. bxc3 O-O 10. Qh5 f5 11. Re1 Qf6 12. Qf3 c6 13. Bf4 Rae8 14. h4 g6 15. g3 Rxe1+ 16. Rxe1 Re8 17. Rxe8+ Bxe8 18. Qe3 Kf7 19. c4 Qe6 20. Bxd6 Qxd6 21. c5 Qe7 22. Qh6 Kg8 23. h5 b6 24. hxg6 hxg6 25. cxb6 axb6 26. Qf4 c5 27. c4 dxc4 28. Bxc4+ Kg7 29. dxc5 Qxc5 30. Bb3 Bc6 31. Qc7+ Kh6 32. Qf4+ g5 33. Qe3 Qxe3 34. fxe3 Kg7 35. Kf2 Kf6 36. Bc2 Ke5 37. Ke2 Bd5 38. a3 Bc4+ 39. Kf2 Be6 40. Bd3 Kd5 0-1


[Site "https://www.chess.com"]

[Event "Titled Tuesday Blitz May 4 2021"]
[White "Keymer, Vincent"]
[Black "Quparadze, Giga"]
[WhiteFideId "12940690"]
[BlackFideId "13602250"]
[WhiteElo "2474"]
[BlackElo "2658"]
[Result "0-1"]
[Round "08"]
[TimeControl "180+1"]
[Date "2021.05.04"]
[WhiteClock "0:00:02"]
[BlackClock "0:00:08"]

1. Nf3 c5 2. c4 Nc6 3. Nc3 Nf6 4. g3 d5 5. d4 e6 6. cxd5 Nxd5 7. Bg2 cxd4 8. Nxd4 Nxc3 9. bxc3 Nxd4 10. Qxd4 Qxd4 11. cxd4 Bd6 12. h4 Rb8 13. h5 h6 14. O-O b6 15. e4 Ba6 16. Rd1 Be2 17. Rd2 Bxh5 18. e5 Bb4 19. Bc6+ Ke7 20. Rc2 Rhc8 21. a3 Bg6 22. axb4 Bxc2 23. Rxa7+ Kf8 24. b5 Kg8 25. Ba3 Rd8 26. Bd6 Rbc8 27. Ra6 Bb3 28. Rxb6 Ra8 29. Ra6 Rac8 30. Ra7 Bc4 31. g4 f6 32. Kh2 Bd5 33. Bxd5 exd5 34. b6 Rb8 35. b7 Kf7 36. Kg3 Rxd6 37. exd6 Ke6 38. Kf4 g5+ 39. Kg3 Kxd6 40. f4 Kc7 41. Ra6 Rxb7 42. Rxf6 Rb3+ 43. Kf2 Rd3 44. Rxh6 gxf4 45. g5 Rg3 46. Rg6 Kd7 47. Rg7+ Ke6 48. Rg6+ Kf5 49. Rd6 Ke4 50. g6 Kxd4 51. Re6 Kd3 52. Rf6 Ke4 53. Re6+ Kf5 54. Rd6 Ke5 55. Ra6 d4 56. Ra5+ Ke4 57. Ra6 d3 58. Rd6 Ke5 59. Ra6 Kf5 60. Rd6 Ke4 61. Re6+ Kd4 62. Rd6+ Kc3 63. Ke1 Rg2 64. Kf1 Rg5 65. Ke1 Re5+ 66. Kf2 d2 67. Kf3 Rg5 68. Ke2 Rg2+ 69. Kf3 Rxg6 70. Rd5 Rg1 0-1


[Site "https://www.chess.com"]

[Event "Titled Tuesday Blitz May 4 2021"]
[White "Kilpatrick, Callum"]
[Black "Gombocz, Ferenc Jr."]
[WhiteFideId "414425"]
[BlackFideId "775029"]
[WhiteElo "2461"]
[BlackElo "1913"]
[Result "1/2-1/2"]
[Round "08"]
[TimeControl "180+1"]
[Date "2021.05.04"]
[WhiteClock "0:00:19"]
[BlackClock "0:00:14"]

1. e4 e5 2. Nf3 Nc6 3. Bb5 g6 4. O-O Bg7 5. c3 a6 6. Ba4 d6 7. d4 Bd7 8. Re1 Nf6 9. h3 O-O 10. Nbd2 Re8 11. Bb3 Qe7 12. Nf1 Qf8 13. Ng3 Bh6 14. Ng5 Nd8 15. Qf3 Qg7 16. Nxf7 Nxf7 17. Bxh6 Qxh6 18. Qxf6 Qg7 19. Qxf7+ Qxf7 20. Bxf7+ Kxf7 21. dxe5 Rxe5 22. f3 Rae8 23. Kf2 d5 24. exd5 Rxd5 25. Rxe8 Bxe8 26. Ne4 Bc6 27. Ke3 Re5 28. Rd1 Bxe4 29. fxe4 Ke7 30. Rd5 Re6 31. Rd2 Rf6 32. Rf2 Rd6 33. Rf1 Rb6 34. b3 Rc6 35. c4 Rd6 36. e5 Rd7 37. Rf2 Rd1 38. Re2 Ke6 39. Kf4 h6 40. Ke4 c5 41. Kf4 Rf1+ 42. Kg3 Rf5 43. Rd2 Rxe5 44. Kf3 Re1 45. Re2+ Rxe2 46. Kxe2 Ke5 47. Ke3 h5 48. g3 g5 49. h4 gxh4 50. gxh4 Kf5 51. Kf3 b6 52. a3 a5 53. a4 Ke5 54. Ke3 Kf5 55. Kf3 Ke5 56. Ke3 Kf5 57. Kf3 1/2-1/2


[Site "https://www.chess.com"]

[Event "Titled Tuesday Blitz May 4 2021"]
[White "Kiselev, Gennady"]
[Black "Ranindu2003"]
[WhiteFideId "4117107"]
[WhiteElo "2323"]
[BlackElo "2582"]
[Result "0-1"]
[Round "08"]
[TimeControl "180+1"]
[Date "2021.05.04"]
[WhiteClock "0:00:02"]
[BlackClock "0:00:19"]

1. e4 e6 2. d4 d5 3. e5 c5 4. c3 Nc6 5. Nf3 Qb6 6. Be2 f6 7. O-O g6 8. c4 Bg7 9. cxd5 exd5 10. Nc3 Nge7 11. dxc5 Qxc5 12. Be3 Qa5 13. exf6 Bxf6 14. Bh6 Bf5 15. a3 O-O-O 16. b4 Qc7 17. Rc1 d4 18. Nb5 Qb6 19. a4 d3 20. Be3 Qa6 21. Nxa7+ Kb8 22. b5 dxe2 23. Qxe2 Qxa4 24. bxc6 Nxc6 25. Nxc6+ bxc6 26. Bg5 Rhe8 27. Rb1+ Bxb1 28. Rxb1+ Kc8 29. Qf1 Bxg5 30. Nxg5 Rd7 31. h3 Red8 32. Kh2 Rd1 33. Rxd1 Rxd1 0-1


[Site "https://www.chess.com"]

[Event "Titled Tuesday Blitz May 4 2021"]
[White "Klimkowski, Jan"]
[Black "Chernomordik, Pavel"]
[WhiteFideId "21856222"]
[BlackFideId "2804530"]
[WhiteElo "1903"]
[BlackElo "2299"]
[Result "1-0"]
[Round "08"]
[TimeControl "180+1"]
[Date "2021.05.04"]
[WhiteClock "0:01:53"]
[BlackClock "0:00:45"]

1. e4 g6 2. Nf3 Bg7 3. d4 d6 4. Nc3 a6 5. a4 b6 6. Be3 Bb7 7. Qd2 Nd7 8. O-O-O b5 9. Kb1 b4 10. Nd5 a5 11. Bc4 e6 12. Bg5 Qb8 13. Nf4 Nf8 14. d5 Qc8 15. Bb5+ c6 16. dxc6 Bxc6 17. Qxd6 Bxb5 18. axb5 f6 19. Nd4 fxg5 20. Nfxe6 Nxe6 21. Nxe6 Ra7 22. b6 Re7 23. Nxg7+ Rxg7 24. b7 Rxb7 25. Qe5+ Re7 26. Qxh8 Kf8 27. Rd3 Rf7 28. Rhd1 Ke7 29. Rd8 Qxd8 30. Rxd8 1-0


[Site "https://www.chess.com"]

[Event "Titled Tuesday Blitz May 4 2021"]
[White "Kollars, Dmitrij"]
[Black "Preotu, Razvan"]
[WhiteFideId "12909572"]
[BlackFideId "2613280"]
[WhiteElo "2576"]
[BlackElo "2407"]
[Result "1-0"]
[Round "08"]
[TimeControl "180+1"]
[Date "2021.05.04"]
[WhiteClock "0:00:23"]
[BlackClock "0:00:03"]

1. Nf3 c5 2. e4 d6 3. Bb5+ Nd7 4. O-O a6 5. Bd3 Ngf6 6. Re1 e6 7. c3 b5 8. Bc2 c4 9. a4 Bb7 10. d4 cxd3 11. Qxd3 Nc5 12. Qe2 bxa4 13. Be3 Nfd7 14. Bxc5 Nxc5 15. Rxa4 Nxa4 16. Bxa4+ Ke7 17. e5 Qa5 18. exd6+ Kd8 19. Ne5 Qxa4 20. Nxf7+ Kc8 21. Qxe6+ Qd7 22. Qc4+ Kb8 23. Nxh8 Bxd6 24. Qe6 Qxe6 25. Rxe6 Kc7 26. Nf7 Bf8 27. Re1 Bd5 28. Ng5 Rb8 29. b4 h6 30. Nf3 a5 31. bxa5 Ra8 32. Nd4 Rxa5 33. Nd2 Ra2 34. N2f3 Kd6 35. h4 Ra8 36. Nf5+ Kc5 37. Re5 Kc6 38. N3d4+ Kc5 39. Ne6+ Kc6 40. Nxf8 Rxf8 41. Ne7+ Kd6 42. Rxd5+ Kxe7 43. g3 Rf3 44. c4 Rc3 45. Rd4 Ke6 46. h5 Ke5 47. Rg4 Kf6 48. Kg2 Rc2 49. Rg6+ Kf7 50. Rc6 Rc3 51. c5 Kg8 52. g4 Kf7 53. f3 Ke7 54. Kg3 Kf7 55. Rc7+ Kf6 56. c6 Rc4 57. Rc8 Ke7 58. c7 Kf7 59. f4 Rc1 60. Kf3 Rc2 61. Ke3 Rc1 62. g5 hxg5 63. fxg5 Rc2 64. h6 gxh6 65. gxh6 Rc1 66. h7 1-0


[Site "https://www.chess.com"]

[Event "Titled Tuesday Blitz May 4 2021"]
[White "Komiagina, Maria"]
[Black "Sargissyan, Sargis"]
[WhiteFideId "4153987"]
[BlackFideId "13303210"]
[WhiteElo "2014"]
[BlackElo "2174"]
[Result "1-0"]
[Round "08"]
[TimeControl "180+1"]
[Date "2021.05.04"]
[WhiteClock "0:00:15"]
[BlackClock "0:00:02"]

1. e4 c5 2. Nf3 d6 3. d4 cxd4 4. Nxd4 Nf6 5. Nc3 a6 6. h3 e5 7. Nde2 Be6 8. Bg5 Be7 9. g3 h6 10. Bxf6 Bxf6 11. Bg2 Nc6 12. Nd5 Bxd5 13. exd5 Nb8 14. O-O O-O 15. c4 Nd7 16. Nc3 Rc8 17. Qe2 Be7 18. Rac1 f5 19. f4 exf4 20. gxf4 Bf6 21. Qe6+ Kh8 22. Qxd6 Be7 23. Qe6 Rf6 24. Qe2 Bd6 25. b3 Qc7 26. Qf3 Nc5 27. b4 Ne4 28. c5 Nd2 29. Qf2 Nxf1 30. cxd6 Qxd6 31. Qxf1 Qxb4 32. Ne2 Re8 33. Rc2 Rg6 34. Kh2 Qd6 35. Qf3 Qe7 36. Nd4 Qd6 37. Re2 Rc8 38. Re6 Rxe6 39. Nxe6 Rc2 40. Qg3 Qd7 41. Qd3 Rxa2 42. Qxf5 1-0


[Site "https://www.chess.com"]

[Event "Titled Tuesday Blitz May 4 2021"]
[White "Kononenko, Dmitry"]
[Black "Garcia Fuentes, Sergio Miguel"]
[WhiteFideId "14113538"]
[BlackFideId "7300549"]
[WhiteElo "2289"]
[BlackElo "2167"]
[Result "1-0"]
[Round "08"]
[TimeControl "180+1"]
[Date "2021.05.04"]
[WhiteClock "0:01:20"]
[BlackClock "0:00:08"]

1. d4 d5 2. c4 c6 3. cxd5 cxd5 4. Bf4 Nf6 5. e3 a6 6. Nc3 Nc6 7. Be2 Bf5 8. g4 Bg6 9. h4 h6 10. Nf3 e6 11. Ne5 Nxe5 12. Bxe5 Be7 13. Rc1 Rc8 14. Qa4+ Kf8 15. h5 Bh7 16. O-O Nd7 17. Bg3 Nb6 18. Qb3 Rc6 19. Na4 Nc4 20. Qxb7 Qe8 21. Bxc4 Rxc4 22. Nb6 Rb4 23. Rc8 1-0


[Site "https://www.chess.com"]

[Event "Titled Tuesday Blitz May 4 2021"]
[White "Kopjonkin, Kirill"]
[Black "Sharapov, Evgeny"]
[WhiteFideId "24140090"]
[BlackFideId "14103133"]
[WhiteElo "2224"]
[BlackElo "2367"]
[Result "1-0"]
[Round "08"]
[TimeControl "180+1"]
[Date "2021.05.04"]
[WhiteClock "0:02:07"]
[BlackClock "0:01:22"]

1. e4 c5 2. Nf3 d6 3. d4 cxd4 4. Nxd4 Nf6 5. Nc3 Nc6 6. f3 e5 7. Nb3 Be7 8. Be3 O-O 9. Qd2 a5 10. Bb5 Na7 11. Be2 Be6 12. Rd1 Nc8 13. Qc1 Nb6 14. Nc5 Bc8 15. N5a4 Nxa4 16. Nxa4 Nd7 17. c4 b6 18. O-O Qc7 19. b3 Nc5 20. Nc3 Bb7 21. Qb2 f5 22. exf5 Rxf5 23. a3 Bc6 24. Qc2 Rff8 25. b4 axb4 26. axb4 Na4 27. Nd5 Bxd5 28. Rxd5 Rfc8 29. Bd3 h6 30. Ra1 Qc6 31. b5 Qxd5 32. cxd5 Rxc2 33. Bxc2 1-0


[Site "https://www.chess.com"]

[Event "Titled Tuesday Blitz May 4 2021"]
[White "Korkmaz, Necmettin"]
[Black "Dudzinski, Pawel"]
[WhiteFideId "6303285"]
[BlackFideId "1117890"]
[WhiteElo "2094"]
[BlackElo "2193"]
[Result "1-0"]
[Round "08"]
[TimeControl "180+1"]
[Date "2021.05.04"]
[WhiteClock "0:01:12"]
[BlackClock "0:00:09"]

1. e4 c6 2. d4 d5 3. Nc3 dxe4 4. Nxe4 Nf6 5. Nxf6+ exf6 6. Bc4 Bd6 7. Qe2+ Qe7 8. Qxe7+ Kxe7 9. Ne2 Be6 10. Bxe6 fxe6 11. Bf4 Nd7 12. O-O-O Rad8 13. Rhe1 e5 14. Bg3 Kf7 15. dxe5 Bxe5 16. f4 Bc7 17. Nd4 Nb6 18. f5 Bxg3 19. hxg3 Rd5 20. g4 Rhd8 21. Ne6 R8d7 22. b3 g6 23. c4 Rxd1+ 24. Rxd1 Rxd1+ 25. Kxd1 Ke7 26. Ke2 Nd7 27. Kf3 b6 28. Kf4 Ne5 29. Nd4 c5 30. Nb5 Nd3+ 31. Ke4 Nc1 32. Nc3 gxf5+ 33. gxf5 Kd6 34. Ke3 Ke5 35. Kd2 Nxa2 36. Nxa2 Kxf5 37. Nc3 Kf4 38. Ke2 Kg3 39. Kf1 f5 40. Nb5 f4 41. Nxa7 h5 42. Nc8 h4 43. Kg1 f3 44. gxf3 Kxf3 45. Nxb6 Ke4 46. Na4 Kd4 47. Kh2 1-0


[Site "https://www.chess.com"]

[Event "Titled Tuesday Blitz May 4 2021"]
[White "Kostiukov, Alexandr"]
[Black "Elissalt Cardenas, Hector"]
[WhiteFideId "14108100"]
[BlackFideId "3500632"]
[WhiteElo "2240"]
[BlackElo "2230"]
[Result "0-1"]
[Round "08"]
[TimeControl "180+1"]
[Date "2021.05.04"]
[WhiteClock "0:00:02"]
[BlackClock "0:00:06"]

1. g3 d5 2. Bg2 c6 3. d3 h5 4. h4 e5 5. e4 Be6 6. Qe2 Bd6 7. Nh3 f6 8. O-O Ne7 9. Nc3 Qd7 10. Kh2 d4 11. Nd1 c5 12. f4 Bg4 13. Qe1 Nbc6 14. f5 Bxh3 15. Bxh3 O-O-O 16. a4 Kb8 17. a5 Nb4 18. Rf2 Qb5 19. b3 Na6 20. Nb2 Nc7 21. Nc4 Qc6 22. Ba3 Nb5 23. Bb2 Bc7 24. b4 cxb4 25. Qxb4 Nc8 26. Rff1 Bd6 27. Qb3 Bc5 28. Rfb1 a6 29. Bc1 Ncd6 30. Bd2 Rc8 31. Nb6 Bxb6 32. axb6 Qxc2 33. Qb4 Qxd3 34. Rc1 Rc2 35. Rxc2 Qxc2 36. Rc1 Qd3 37. Bf1 Qf3 38. Bg2 Qe2 39. Rc7 Rc8 40. Qc5 Rxc7 41. bxc7+ Nxc7 42. Ba5 Ncb5 43. Bb6 Qc4 44. Bc7+ Ka8 45. Bxd6 Nxd6 46. Qxd6 d3 47. Qf8+ Ka7 48. Qxg7 Qc3 49. Qd7 d2 50. Kh3 Qc1 51. Bf3 Qc3 52. Kg2 Qe3 0-1


[Site "https://www.chess.com"]

[Event "Titled Tuesday Blitz May 4 2021"]
[White "Kraemer, Martin"]
[Black "Jarovinsky, Alexey"]
[WhiteFideId "4671910"]
[BlackFideId "14115131"]
[WhiteElo "2482"]
[BlackElo "2446"]
[Result "0-1"]
[Round "08"]
[TimeControl "180+1"]
[Date "2021.05.04"]
[WhiteClock "0:00:02"]
[BlackClock "0:00:26"]

1. d4 e6 2. c4 Bb4+ 3. Nc3 Bxc3+ 4. bxc3 d6 5. e4 Nc6 6. Bd3 Nge7 7. Ne2 O-O 8. O-O b6 9. f4 f5 10. exf5 exf5 11. d5 Na5 12. Nd4 c5 13. dxc6 Nexc6 14. Nb5 a6 15. Nd4 Nxd4 16. cxd4 Be6 17. d5 Bd7 18. Bb2 Rc8 19. Rc1 Nb7 20. Bb1 Nc5 21. Qd4 Qf6 22. Qd2 Qg6 23. Rf3 Rf7 24. Rg3 Qh6 25. Re1 Re8 26. Rxe8+ Bxe8 27. Bxf5 Kf8 28. Rg5 Bd7 29. Bb1 Qh4 30. g3 Qh3 31. Qg2 h6 32. Qxh3 Bxh3 33. Rh5 Bg4 34. Rh4 Bf5 35. Bxf5 Rxf5 36. Bd4 b5 37. cxb5 axb5 38. Rg4 h5 39. Rxg7 Rxd5 40. Bc3 b4 41. Bf6 Ne4 42. Rg6 Kf7 43. Rh6 Nxf6 44. Kg2 Kg7 0-1


[Site "https://www.chess.com"]

[Event "Titled Tuesday Blitz May 4 2021"]
[White "Kretov, Evgenij"]
[Black "Royal, Shreyas"]
[WhiteFideId "4167821"]
[BlackFideId "448869"]
[WhiteElo "2381"]
[BlackElo "1931"]
[Result "1-0"]
[Round "08"]
[TimeControl "180+1"]
[Date "2021.05.04"]
[WhiteClock "0:00:19"]
[BlackClock "0:00:02"]

1. d4 Nf6 2. c4 g6 3. Nc3 Bg7 4. e4 d6 5. Be2 O-O 6. Bg5 c5 7. d5 e6 8. Qd2 exd5 9. exd5 Qb6 10. Nf3 Bf5 11. Rd1 Ne4 12. Nxe4 Bxe4 13. b3 Bxf3 14. Bxf3 Re8+ 15. Be2 Nd7 16. O-O Qb4 17. Qc2 a5 18. Bd3 a4 19. Rb1 a3 20. Bd2 Qb6 21. b4 cxb4 22. Rxb4 Qc7 23. Rfb1 Nc5 24. Be3 Rab8 25. Qd2 Ne4 26. Bxe4 Rxe4 27. c5 Rxb4 28. Qxb4 dxc5 29. Qxc5 Qxc5 30. Bxc5 Bb2 31. d6 b6 32. Be3 Kf8 33. Rd1 Ke8 34. d7+ Kd8 35. Kf1 Rb7 36. Ke2 b5 37. Rd5 b4 38. Bc5 Rxd7 39. Rxd7+ Kxd7 40. Bxb4 Kc6 41. Kd3 Kb5 42. Bc3 Bc1 43. Kc2 Bf4 44. g3 Bd6 45. Kb3 f5 46. Bd2 Bc5 47. f3 Bg1 48. h3 Bh2 49. g4 fxg4 50. fxg4 Kc5 51. Kxa3 Bg3 52. Kb3 Kd4 53. a4 Ke4 54. Kc4 Kf3 55. a5 Bb8 56. Kd5 Kg3 57. g5 Kxh3 58. Ke6 Kg4 59. Kf7 Kf5 60. Kg7 Ke6 61. Kxh7 Kf7 62. Kh6 Ba7 63. Bb4 Bd4 64. Bd6 Ba7 65. Bc7 Ke6 66. Bb6 Bb8 67. a6 1-0


[Site "https://www.chess.com"]

[Event "Titled Tuesday Blitz May 4 2021"]
[White "Kriti Mayur Patel"]
[Black "Mohota, Nisha"]
[WhiteFideId "35061780"]
[BlackFideId "5004330"]
[WhiteElo "1212"]
[BlackElo "2117"]
[Result "0-1"]
[Round "08"]
[TimeControl "180+1"]
[Date "2021.05.04"]
[WhiteClock "0:00:35"]
[BlackClock "0:00:08"]

1. e4 e5 2. Nf3 Nf6 3. Nxe5 Nc6 4. Nxc6 dxc6 5. e5 Ne4 6. d4 Qh4 7. g3 Nxg3 8. fxg3 Qe4+ 9. Qe2 Qxh1 10. Nc3 Bb4 11. Bd2 Bxc3 12. Bxc3 Bh3 13. O-O-O Bxf1 14. Rxf1 Qd5 15. Qf2 Qxa2 16. Bb4 O-O-O 17. Qf5+ Kb8 18. c3 a5 19. Be7 Rde8 20. Bg5 f6 21. exf6 gxf6 22. Qxf6 Rhg8 23. Bh6 Re2 24. Bd2 Qa1+ 25. Kc2 Qa4+ 26. Kc1 Rge8 27. Qf4 Qb3 28. g4 a4 29. g5 a3 30. bxa3 Qxa3+ 31. Kc2 Qa2+ 32. Kd3 Rxd2+ 33. Qxd2 Qa6+ 34. c4 Qa3+ 35. Kc2 Qa2+ 36. Kd1 Qb1+ 37. Qc1 Qd3+ 38. Qd2 Qxf1+ 39. Kc2 Re2 40. Qxe2 Qxe2+ 41. Kb3 Qd3+ 42. Kb4 Qxd4 43. Ka5 c5 44. g6 Qxc4 45. g7 Qb4# 0-1


[Site "https://www.chess.com"]

[Event "Titled Tuesday Blitz May 4 2021"]
[White "Krivonosov, Oleg"]
[Black "Gelman, Alexander"]
[WhiteFideId "11600349"]
[BlackFideId "4118316"]
[WhiteElo "2469"]
[BlackElo "2375"]
[Result "1/2-1/2"]
[Round "08"]
[TimeControl "180+1"]
[Date "2021.05.04"]
[WhiteClock "0:02:29"]
[BlackClock "0:02:44"]

1. Nf3 c5 2. c4 Nf6 3. Nc3 e6 4. g3 a6 5. Bg2 d6 6. O-O Be7 7. d4 cxd4 8. Nxd4 O-O 9. b3 Qc7 10. Bb2 Nbd7 11. Rc1 Ne5 12. e3 Bd7 13. Qe2 Rac8 14. Rfd1 Rfd8 15. h3 Qb8 16. Nf3 Ng6 17. Nd4 Ne5 18. Nf3 Ng6 19. Nd4 h6 20. Ne4 Ne8 21. Nc3 Nf6 22. Ne4 Ne8 23. Nc3 Nf6 1/2-1/2


[Site "https://www.chess.com"]

[Event "Titled Tuesday Blitz May 4 2021"]
[White "Krysa, Leandro"]
[Black "Sergey85Rodchenkov"]
[WhiteFideId "116807"]
[WhiteElo "2490"]
[BlackElo "2534"]
[Result "1-0"]
[Round "08"]
[TimeControl "180+1"]
[Date "2021.05.04"]
[WhiteClock "0:00:10"]
[BlackClock "0:00:01"]

1. e4 c5 2. Nf3 d6 3. d4 cxd4 4. Nxd4 Nf6 5. Bc4 e6 6. Bd3 a6 7. c4 Be7 8. Nc3 O-O 9. O-O Qc7 10. Be3 b6 11. Rc1 Bb7 12. f4 Nbd7 13. b4 Rac8 14. g4 Rfd8 15. g5 Ne8 16. f5 exf5 17. Nd5 Bxd5 18. cxd5 Qb7 19. Nc6 Ne5 20. Nxd8 Bxd8 21. Rxc8 Qxc8 22. exf5 b5 23. Qd2 Nc7 24. Qc3 Qd7 25. Be4 Nc4 26. Bc1 f6 27. h4 Qf7 28. Qf3 Ne5 29. Qg2 Qh5 30. gxf6 Bxf6 31. Bg5 Ne8 32. Bf3 Qf7 33. Rc1 Qd7 34. Be4 Kf8 35. a3 Qa7+ 36. Qf2 Qe7 37. Qg2 Nc4 38. Kh1 Qe5 39. Rg1 h6 40. Bxf6 Qxf6 41. Qg3 Ne5 42. Bf3 Qd8 43. Bh5 Qe7 44. Bxe8 Kxe8 45. Rc1 Kf7 46. Rg1 Qf6 47. Qf4 Nc4 48. Qe4 Ne5 49. Rc1 Qe7 50. Rg1 Qa7 51. Qf4 Kf8 52. Qg3 Qf7 53. Qf4 Qxd5+ 54. Rg2 h5 55. Qg5 Qf7 56. Qd8+ Qe8 57. Qxe8+ Kxe8 58. Rxg7 Nf3 59. Rh7 Nxh4 60. Rxh5 Nf3 61. Rh8+ Ke7 62. Ra8 Nd4 63. Rxa6 Kf6 64. Kg2 Kxf5 65. Rxd6 Ke4 66. Kf2 Kd3 67. Kg3 Kc4 68. Kf4 Nc2 69. Rc6+ Kb3 70. Ke4 Nxa3 71. Kd3 Kxb4 72. Rc8 Nc4 73. Kd4 Na5 74. Rb8 Nc4 75. Kd3 Na5 76. Kc2 Nc4 77. Rh8 Na3+ 78. Kd3 Nc4 79. Rh4 Kb3 80. Rh8 b4 81. Rb8 Nb2+ 82. Kd2 Na4 83. Kc1 Nc3 84. Rh8 Na2+ 85. Kb1 Nc3+ 86. Ka1 Kc2 87. Rh2+ Kb3 88. Rb2+ Ka3 89. Rh2 Kb3 90. Rb2+ Ka3 91. Rc2 Kb3 92. Rd2 Ka3 93. Rd8 Kb3 94. Ra8 Nd1 95. Rb8 Nc3 96. Ra8 Nd1 97. Kb1 Nc3+ 98. Kc1 Na2+ 99. Kd2 Nc3 100. Rb8 Na2 101. Kd3 Nc3 102. Kd4 Ka4 103. Kc4 Ka3 104. Rxb4 Na2 105. Rb3+ Ka4 106. Rg3 Nb4 107. Rg6 Ka3 108. Rg8 Nc2 109. Ra8+ Kb2 110. Rb8+ Kc1 111. Kc3 Ne1 112. Rh8 Kd1 113. Re8 Nc2 114. Kd3 Ne1+ 115. Kc3 Nc2 116. Re7 Ne1 117. Rg7 Ke2 118. Re7+ Kf2 119. Kd4 Nf3+ 120. Kd3 Ne1+ 121. Kd2 Nf3+ 122. Kd1 Kg3 123. Ke2 Nd4+ 124. Kd3 Nf3 125. Re8 Ng5 126. Rf8 Kg4 127. Ke3 Ne6 128. Rf6 1-0


[Site "https://www.chess.com"]

[Event "Titled Tuesday Blitz May 4 2021"]
[White "Krzywda, Andrzej"]
[Black "Gandhi, Shyam"]
[WhiteFideId "1114565"]
[BlackFideId "2052008"]
[WhiteElo "2100"]
[BlackElo "1951"]
[Result "1-0"]
[Round "08"]
[TimeControl "180+1"]
[Date "2021.05.04"]
[WhiteClock "0:01:14"]
[BlackClock "0:01:25"]

1. e4 g6 2. Nc3 Bg7 3. f4 d6 4. Bc4 e6 5. d3 a6 6. Nf3 b5 7. Bb3 Ne7 8. O-O O-O 9. Qe1 Bb7 10. Qh4 c5 11. f5 exf5 12. Bg5 Nbc6 13. Nd5 Re8 14. Nf6+ Bxf6 15. Bxf6 h5 16. exf5 c4 17. fxg6 Qb6+ 18. Kh1 Nxg6 19. Qxh5 cxb3 20. Ng5 Re7 21. Qh6 1-0


[Site "https://www.chess.com"]

[Event "Titled Tuesday Blitz May 4 2021"]
[White "Lauridsen, Jesper Morch"]
[Black "Ronka, Erik"]
[WhiteFideId "1401890"]
[BlackFideId "505080"]
[WhiteElo "2290"]
[BlackElo "2264"]
[Result "0-1"]
[Round "08"]
[TimeControl "180+1"]
[Date "2021.05.04"]
[WhiteClock "0:00:01"]
[BlackClock "0:00:52"]

1. e4 c6 2. d4 d5 3. exd5 cxd5 4. c4 Nf6 5. Nc3 g6 6. Nf3 Bg7 7. Be2 dxc4 8. Bxc4 O-O 9. O-O Nc6 10. Re1 Na5 11. Bd3 b6 12. Bg5 Bb7 13. Qe2 Re8 14. Rad1 a6 15. d5 b5 16. h3 Rc8 17. d6 exd6 18. Qxe8+ Qxe8 19. Rxe8+ Rxe8 20. Bf4 d5 21. b3 Ne4 22. Ne2 Nc6 23. Bxe4 dxe4 24. Nfd4 Nb4 25. Rd2 Nd3 26. Be3 f5 27. g3 Kf7 28. Nf4 Ne5 29. Kf1 g5 0-1


[Site "https://www.chess.com"]

[Event "Titled Tuesday Blitz May 4 2021"]
[White "Leitao, Rafael"]
[Black "Saraci, Nderim"]
[WhiteFideId "2101246"]
[BlackFideId "6351921"]
[WhiteElo "2609"]
[BlackElo "2486"]
[Result "1/2-1/2"]
[Round "08"]
[TimeControl "180+1"]
[Date "2021.05.04"]
[WhiteClock "0:00:21"]
[BlackClock "0:00:31"]

1. c4 Nf6 2. Nc3 e6 3. e4 d5 4. cxd5 exd5 5. e5 d4 6. exf6 dxc3 7. dxc3 Qxf6 8. Nf3 Bd6 9. Bd3 O-O 10. O-O h6 11. Re1 Bf5 12. Bxf5 Qxf5 13. Nd4 Qd5 14. c4 Qxc4 15. Nf5 Nc6 16. b3 Qc3 17. Bxh6 gxh6 18. Qh5 Rae8 19. Nxh6+ Kg7 20. Nf5+ Kf6 21. Qh6+ Kxf5 22. Qh5+ Kf6 23. Qh6+ Kf5 24. Qh5+ Kf6 25. Qh6+ Kf5 1/2-1/2


[Site "https://www.chess.com"]